 Dungeon Crawl Stone Soup version 0.26-a0-946-g9485abf61d (webtiles) character file.

Game seed: 17724859626111197819

95 ANON1729 the Insei (level 4, -1/36 HPs)
             Began as a Draconian Transmuter on Nov 28, 2020.
             Slain by Sigmund
             ... wielding a +3 scythe of flaming
              (7 damage)
             ... on level 2 of the Dungeon.
             The game lasted 00:01:26 (2246 turns).

ANON1729 the Insei (Draconian Transmuter)           Turns: 2246, Time: 00:01:26

Health: -1/36      AC:  8    Str: 11 (12) XL:     4   Next: 40%
Magic:  6/7        EV: 12    Int: 13 (14) God:
Gold:   60         SH:  0    Dex:  9 (12) Spells: 6/7 levels left

rFire    . . .     SeeInvis .     - Unarmed
rCold    . . .     Faith    .   (no shield)
rNeg     . . .     Spirit   .   (armour unavailable)
rPois    .         Reflect  .   (helmet currently unavailable)
rElec    .         Harm     .   (no cloak)
rCorr    .         Rampage  .   h - +2 pair of gloves
MR       .....                  (boots currently unavailable)
Stlth    +.........             (no amulet)
HPRegen  0.12/turn              (no ring)
MPRegen  0.10/turn              (no ring)

@: appendages, hasted, very quick
A: unfitting armour, horns 2, talons 2, cold-blooded, AC +5
a: End Transformation


You were on level 2 of the Dungeon.
You had grown temporary horns.
You had grown temporary talons.
You visited 1 branch of the dungeon, and saw 2 of its levels.

You collected 60 gold pieces.

Inventory:

Armour
 h - a +2 pair of gloves (worn)
Scrolls
 a - a scroll of remove curse {unknown}
 c - a scroll of immolation {unknown}
 e - 3 scrolls of amnesia {unknown}
 f - 2 scrolls of identify {unknown}
 g - a scroll of random uselessness {unknown}
 j - a scroll of enchant weapon {unknown}


   Skills:
 + Level 2.0 Fighting
 + Level 2.3 Dodging
 * Level 3.7 Unarmed Combat
 + Level 2.4 Spellcasting
 * Level 2.9 Transmutations


You had 6 spell levels left.
You knew the following spells:

 Your Spells              Type           Power        Failure   Level
a - Beastly Appendage     Tmut           #.....       8%          1

Your spell library contained the following spells:

 Spells                   Type           Power        Failure   Level
 Wereblood                Tmut           #.......     11%         2
 Spider Form              Tmut/Pois      #.........   38%         3
 Ice Form                 Ice/Tmut       #.......     80%         4
 Blade Hands              Tmut           #.........   90%         5


Dungeon Overview and Level Annotations

Branches:
Dungeon (2/15)

Altars:

Annotations:
D:2 Sigmund


Innate Abilities, Weirdness & Mutations

Your plain brown scales are hard. (AC +5)
You cannot fit into any form of body armour.
You are cold-blooded and may be slowed by cold attacks.
You have a pair of horns on your head.
You have razor-sharp toenails.


Message History

You are too injured to fight recklessly!
You are too injured to fight recklessly!
You are too injured to fight recklessly!
You aren't carrying any items that you can evoke.
It was a potion of curing.
You feel better. Something hits you! Something burns you.
It was a potion of degeneration.
There was something very wrong with that liquid.
You feel weakened.
You feel dopey.
You feel clumsy.
Your horns disappear.
Your talons disappear.
It was a potion of haste.
You feel yourself speed up.
You hear some strange, mumbled words.
A puff of flame appears from out of thin air!
The puff of flame hits you.
* * * LOW HITPOINT WARNING * * *
Casting: Beastly Appendage (safe; 8% risk of failure)
Confirm with . or Enter, or press ? or * to list all spells.
You grow a pair of large bovine horns.
Your feet morph into talons.
Something hits you!
You die...

#........##.......
#.###.##.##.......
#.#...##.##.##.###
#.#.####.......#
#.#.# #..#.####
#.#.# #..#.# #.#.#
#..#[#
#.#.#####.#.#
#@#.......#.#
#{#########.# #K#
#.# #.# #.# #.#
#)###### #.#
#....... #.#
######## #..


You could see a kobold.

Vanquished Creatures
  A centaur skeleton (D:2)
  2 adders (D:2)
  2 oozes (D:1)
  A worm (D:2)
  A dart slug (D:1)
  A leopard gecko (D:2)
  2 giant cockroaches
  3 goblins
  5 hobgoblins
  3 jackals (D:1)
  5 kobolds
  A ball python (D:1)
  3 bats
  2 frilled lizards (D:2)
  4 rats
36 creatures vanquished.

Notes
Turn   | Place    | Note
-------+----------+-------------------------------------------
     0 | D:1      | ANON1729 the Draconian Transmuter began the quest for the
                  | Orb.
     0 | D:1      | Reached XP level 1. HP: 16/16 MP: 3/3
   104 | D:1      | Reached XP level 2. HP: 23/23 MP: 5/5
   980 | D:1      | Reached XP level 3. HP: 28/28 MP: 6/6
  1543 | D:2      | Reached XP level 4. HP: 30/36 MP: 7/7
  2226 | D:2      | Noticed Sigmund
  2246 | D:2      | Slain by Sigmund

Illustrated notes

Levels and vault maps discovered:
D:1:      wander_arrival_fairy_ring, layout_basic
D:2:      layout_basic, nicolae_overflow_hidden_temple, minmay_misc_feat_square,
          uniq_sigmund

Skill      XL: |  1  2  3  4 |
---------------+-------------+-----
Dodging        | 2 |  2.3
Fighting       | 2 |  2.0
Unarmed Combat | |  3.7
Spellcasting   | |  2.4
Transmutations | |  2.9

Action                   |  1- 3 |  4- 6 || total
-------------------------+-------+-------++-------
Melee: Unarmed           |   137 |    76 ||   213
       Tailslap          |    12 |     6 ||    18
       Punch             |     1 |       ||     1
       Kick              |       |     5 ||     5
       Headbutt          |       |     3 ||     3
 Cast: Beastly Appendage |       |     4 ||     4
  Use: Potion            |       |     3 ||     3
 Stab: Sleeping          |     2 |       ||     2
Armor: Skin              |    36 |    28 ||    64
Dodge: Dodged            |    79 |    37 ||   116

Table legend: (Time is in decaauts)
 A = Elapsed time spent in this place.
 B = Non-inter-level travel time spent in this place.
 C = Inter-level travel time spent in this place.
 D = Time resting spent in this place.
 E = Time spent auto-exploring this place.
 F = Levels seen in this place.
 G = Mean time per level.
                   A        B        C        D        E       F      G
               +--------+--------+--------+--------+--------+-----+--------+
         Total |   2231 |   2184 |     47 |    181 |   1688 |   2 | 1115.5 |
       Dungeon |   2231 |   2184 |     47 |    181 |   1688 |   2 | 1115.5 |
               +--------+--------+--------+--------+--------+-----+--------+

Top non-repeatable levels by time:
     D:1: 1350 daAuts
     D:2: 881 daAuts
